 Dungeon Crawl Stone Soup version 0.18.1-6-gd335043 (webtiles) character file.

3775 Hipnos the Covert (level 10, 0/70 HPs)
             Began as a Vine Stalker Enchanter on May 15, 2016.
             Was a Follower of Ashenzari.
             Slain by Pikel
             ... wielding a +0 whip of freezing
              (5 damage)
             ... on level 8 of the Dungeon.
             The game lasted 00:30:34 (7323 turns).

Hipnos the Covert (Vine Stalker Enchanter)          Turns: 7323, Time: 00:30:34

Health: 0/70       AC: 25    Str: 11    XL:     10   Next: 16%
Magic:  0/22       EV:  2    Int: 18    God:    Ashenzari [*.....]
Gold:   66         SH:  0    Dex: 15    Spells: 3 memorised, 17 levels left

rFire  . . .     SeeInvis .     v - +4 dagger (holy)
rCold  . . .     Gourm    +     (armour currently unavailable)
rNeg   + + +     Faith    .     (no shield)
rPois  +         Spirit   +     (helmet currently unavailable)
rElec  .         Dismiss  .     (cloak currently unavailable)
rCorr  .         Reflect  .     (gloves currently unavailable)
SustAt .         Harm     .     (boots currently unavailable)
MR     +....     NoTele   +     A - amulet of the gourmand (curse)
Stlth  ++++++++..               (no ring)
                                G - ring of positive energy (curse)

@: tree-form, somewhat resistant to hostile enchantments, extraordinarily
stealthy
A: (fangs 0), regeneration 2, magic shield, (antimagic bite), no device heal 3,
rot immunity
a: Curse Item, Scrying, Renounce Religion


You were on level 8 of the Dungeon.
You worshipped Ashenzari.
Ashenzari was aware of your devotion.
You were very full.
You were a tree.
You visited 2 branches of the dungeon, and saw 9 of its levels.

You collected 345 gold pieces.
You spent 279 gold pieces at shops.

Inventory:

Hand Weapons
 v - a +4 dagger of holy wrath (weapon)
Armour
 b - a +2 pair of boots of stealth (melded)
 D - a +2 robe of magic resistance (melded)
Jewellery
 z - an uncursed amulet of dismissal
 A - a cursed amulet of the gourmand (around neck)
 G - a cursed ring of positive energy (left branch)
Wands
 l - a wand of polymorph (15/24)
 w - a wand of teleportation (1/9)
 F - a wand of disintegration (13/24)
 K - a wand of iceblast (7/15)
 L - a wand of confusion (25/48)
 M - a wand of lightning (5/15)
Scrolls
 k - 3 scrolls of teleportation
 o - a scroll of noise {unknown}
 q - a scroll of blinking {unknown}
 u - a scroll of immolation {unknown}
 x - a scroll of enchant weapon {unknown}
 y - a scroll of recharging {unknown}
 B - 3 scrolls of enchant armour {unknown}
 H - a scroll of acquirement {unknown}
 I - a scroll of random uselessness {unknown}
 J - a scroll of summoning {unknown}
Potions
 e - a potion of curing
 h - 2 potions of ambrosia
 j - 4 potions of resistance
 n - a potion of degeneration {unknown}
 p - a potion of might {unknown}
 r - a potion of lignification
 t - a potion of magic
Books
 c - a book of Maledictions

   Spells                             Type                      Level
   a - Corona                         Hexes                        1
   b - Ensorcelled Hibernation        Hexes/Ice                    2
   c - Confuse                        Hexes                        3
   d - Tukima's Dance                 Hexes                        3
   e - Dazzling Spray                 Conjuration/Hexes            3
 s - the Reference Book on Shifting Attacks
   (You found it on level 4 of the Dungeon)

   Spells                             Type                      Level
   a - Beastly Appendage              Transmutation                1
   b - Throw Frost                    Conjuration/Ice              2
   c - Searing Ray                    Conjuration                  2
   d - Sticks to Snakes               Transmutation                2
 C - a book of Party Tricks

   Spells                             Type                      Level
   a - Summon Butterflies             Summoning                    1
   b - Apportation                    Translocation                1
   c - Tukima's Dance                 Hexes                        3
   d - Alistair's Intoxication        Transmutation/Poison         5
   e - Invisibility                   Hexes                        6
Comestibles
 d - 5 bread rations
 f - 10 fruits
 g - 3 meat rations
 i - a beef jerky
 m - 2 slices of pizza
 E - 4 chunks of flesh


   Skills:
 + Level 2.4 Fighting
 + Level 3.0 Short Blades
 + Level 3.9 Dodging
 * Level 11.7 Stealth
 * Level 7.3 Spellcasting
 * Level 7.0 Hexes
 - Level 0.2 Ice Magic


You had 17 spell levels left.
You knew the following spells:

 Your Spells              Type           Power        Failure   Level  Hunger
a - Corona                Hex            ####...      1%          1    None
b - Ensorcelled Hibernat  Hex/Ice        ###...       4%          2    None
c - Confuse               Hex            ####....     1%          3    #......


Dungeon Overview and Level Annotations

Branches:
Dungeon (8/15)             Temple (1/1) D:5
   Lair: D:8-11

Altars:
Ashenzari
Cheibriados
Dithmenos
Elyvilon
Fedhas
Gozag
Kikubaaqudgha
Makhleb
Nemelex Xobeh
Okawaru
Pakellas
Qazlal
Ru
Sif Muna
Trog
Vehumet
Xom
Yredelemnul
Zin
The Shining One

Shops:
D:4 %   D:6 !(?*

Annotations:
D:4 jacquesderrida's ghost, amateur DsSk
D:8 Pikel


Innate Abilities, Weirdness & Mutations

((You have razor-sharp teeth.))
You heal very quickly.
When hurt, damage is shared between your health and your magic reserves.
((Your bite disrupts and absorbs the magic of your enemies.))
Potions and wands cannot restore your health.
You are immune to rotting.


Message History

Pikel hits you with a whip of freezing. Pikel freezes you.
Pikel hits you with a whip of freezing.
* * * LOW HITPOINT WARNING * * *
Pikel freezes you.
* * * LOW HITPOINT WARNING * * *
Pikel hits you with a whip of freezing!
* * * LOW HITPOINT WARNING * * *
Pikel freezes you.
* * * LOW HITPOINT WARNING * * *
Drink which item? (? for menu, Esc to quit)
You turn into a tree.
Your +2 pair of boots of stealth melds into your body.
Your +2 robe of magic resistance melds into your body.
You feel less stealthy.
You feel less resistant to hostile enchantments.
Your roots penetrate the ground.
Pikel completely misses you.
You hit Pikel.
Pikel is lightly wounded.
Pikel hits you with a whip of freezing.
You die...

############## #.######.# #
#............# #........# #
#............# #........#######
#............#####........#.....'
'............<............'....##
#........†...##..##.......#.#...#
#............##...........#.#...#
#............##p...#+##.........#
'.[..........†YK♣...[.........>.+
#............####+##[....#.....##
############## ##..#####.#.#....#
#...#####.#.#.#..#
#....#....#.......
#....#.######.#...
#....#.#....#.#...
#.................
#...#.##..###.####


You could see Pikel (berserk), an ice beast and a slave.

Vanquished Creatures
  Prince Ribbit (D:7)
  Sigmund (D:4)
  Eustachio (D:5)
  Menkaure (D:4)
  Duvessa (D:4)
  An orc warrior (D:6)
  A sky beast (D:5)
  An ice beast (D:8)
  3 slaves (D:8)
  4 phantoms
  An ogre (D:8)
  A centaur (D:6)
  5 giant frogs
  Dowan (D:4)
  A scorpion (D:4)
  5 wights (D:6)
  9 killer bees
  3 howler monkeys
  4 crimson imps
  2 centaur zombies
  A giant frog zombie (D:6)
  3 hounds
  An orc priest (D:6)
  7 orc wizards
  3 hell rats (D:7)
  6 worker ants
  An iguana (D:4)
  A hound skeleton (D:8)
  A howler monkey zombie (D:7)
  2 worker ant zombies
  5 adders
  3 gnolls (D:7)
  9 river rats (D:7)
  A shadow imp (D:7)
  2 oozes
  An adder skeleton (D:6)
  4 worms
  6 giant geckos
  7 orcs
  9 bats
  3 giant cockroaches
  7 goblins
  6 hobgoblins
  9 jackals
  5 quokkas
  3 ball pythons (D:1)
  A giant cockroach zombie (D:6)
  7 giant newts
  A jackal skeleton (D:8)
  7 kobolds
  27 rats
196 creatures vanquished.

Notes
Turn   | Place    | Note
--------------------------------------------------------------
     0 | D:1      | Hipnos the Vine Stalker Enchanter began the quest for the Orb.
     0 | D:1      | Reached XP level 1. HP: 9/9 MP: 4/4
     6 | D:1      | Noticed a salamander
     6 | D:1      | Noticed a rime drake
     6 | D:1      | Noticed a wolf
     6 | D:1      | Noticed a lindwurm
   116 | D:1      | Reached XP level 2. HP: 13/13 MP: 6/6
   121 | D:1      | Learned a level 2 spell: Ensorcelled Hibernation
   125 | D:1      | Reached skill level 4 in Stealth
   389 | D:1      | Reached XP level 3. HP: 16/16 MP: 0/7
   394 | D:1      | Learned a level 3 spell: Confuse
   926 | D:2      | Reached skill level 5 in Stealth
  1010 | D:2      | Reached XP level 4. HP: 21/21 MP: 0/8
  1053 | D:2      | Found a faded altar to an unknown god.
  1706 | D:3      | Reached skill level 1 in Short Blades
  1803 | D:3      | Reached XP level 5. HP: 25/25 MP: 0/9
  2501 | D:4      | Reached skill level 6 in Stealth
  2535 | D:4      | Noticed Menkaure
  2540 | D:4      | Killed Menkaure
  2540 | D:4      | Gained mutation: You heal very quickly. [Vine Stalker growth]
  2540 | D:4      | Reached XP level 6. HP: 29/29 MP: 11/11
  2541 | D:4      | Found Edicwin's Food Emporium.
  2656 | D:4      | Reached skill level 7 in Stealth
  2661 | D:4      | Identified the Reference Book on Shifting Attacks
  2674 | D:4      | Noticed Sigmund
  2780 | D:4      | Killed Sigmund
  2780 | D:4      | Reached XP level 7. HP: 27/32 MP: 2/13
  2898 | D:4      | Noticed Duvessa
  2898 | D:4      | Noticed Dowan
  2901 | D:4      | Killed Duvessa
  2901 | D:4      | Reached skill level 1 in Fighting
  2909 | D:4      | Killed Dowan
  2909 | D:4      | Reached skill level 8 in Stealth
  2980 | D:4      | Noticed jacquesderrida's ghost (amateur DsSk)
  3016 | D:5      | Entered Level 5 of the Dungeon
  3033 | D:5      | Gained mutation: You have razor-sharp teeth. [Vine Stalker growth]
  3033 | D:5      | Reached XP level 8. HP: 34/37 MP: 15/15
  3167 | D:5      | Noticed Eustachio
  3185 | D:5      | Killed Eustachio
  3237 | D:5      | Found a radiant altar of Vehumet.
  3251 | D:5      | Found a staircase to the Ecumenical Temple.
  3260 | Temple   | Entered the Ecumenical Temple
  3354 | Temple   | Became a worshipper of Ashenzari the Shackled
  3445 | D:5      | Reached skill level 5 in Spellcasting
  3782 | D:5      | Reached skill level 5 in Hexes
  3991 | D:6      | Reached skill level 9 in Stealth
  4002 | D:6      | Found Peypt's General Store.
  4133 | D:6      | Found Firaecs's Weapon Boutique.
  4159 | D:6      | Found a snail-covered altar of Cheibriados.
  4159 | D:6      | Found a bloodstained altar of Trog.
  4258 | D:6      | Reached XP level 9. HP: 20/41 MP: 13/19
  4303 | D:6      | Reached skill level 10 in Stealth
  4463 | D:6      | Found Wyimahudd's General Store.
  4488 | D:6      | Found Raimuhek's Magic Scroll Boutique.
  4858 | D:6      | Found Mearphemu's Distillery.
  5263 | D:7      | Reached * piety under Ashenzari
  5867 | D:7      | Noticed Prince Ribbit
  5939 | D:7      | Killed Prince Ribbit
  5939 | D:7      | Reached skill level 11 in Stealth
  6539 | D:6      | Bought a +2 pair of boots of stealth for 279 gold pieces
  6701 | D:8      | Reached XP level 10. HP: 41/46 MP: 4/21
  7155 | D:8      | Noticed Pikel
  7321 | D:8      | HP: 2/47 [Pikel/whip of freezing (2)]
  7323 | D:8      | Slain by Pikel

Skill      XL: |  1  2  3  4  5  6  7  8  9 10 |
---------------+-------------------------------+-----
Stealth        | 4 5 6 7 8 9 11 | 11.7
Dodging        | 2 3 |  3.9
Short Blades   | 1 2 3 |  3.0
Spellcasting   | 3 4 6 7 |  7.3
Hexes          | 4 5 6 7 |  7.0
Fighting       | 1 2 |  2.4
Ice Magic      | |  0.2

Action                   |  1- 3 |  4- 6 |  7- 9 | 10-12 || total
-------------------------+-------+-------+-------+-------++-------
Melee: Dagger            |   127 |    94 |   218 |    67 ||   506
       Bite              |    20 |    16 |    73 |    12 ||   121
       Short sword       |       |       |   157 |       ||   157
 Cast: Ensorcelled Hiber |     7 |    20 |    76 |    12 ||   115
       Confuse           |       |     4 |    38 |     2 ||    44
Invok: Curse Item        |       |       |     3 |       ||     3
  Use: Scroll            |       |     3 |     4 |     1 ||     8
       Potion            |       |       |       |     1 ||     1
 Stab: Sleeping          |    13 |    18 |    47 |    10 ||    88
       Confused          |       |     3 |    16 |     1 ||    20
       Distracted        |       |       |     1 |       ||     1
  Eat: Chunk             |     1 |     7 |    26 |     2 ||    36
Armor: Robe              |    33 |    21 |    60 |    12 ||   126
Dodge: Dodged            |    77 |    53 |   224 |    37 ||   391
